 Dungeon Crawl Stone Soup version 0.30.1-10-g1249ef9ec4 (webtiles) character file.

Game seed: 6684797254023064847

192 monsoonserge the Grasshopper (level 5, -3/58 HPs)
             Began as a Demonspawn Warper on Oct 26, 2023.
             Slain by a gnoll
             ... wielding a +0 halberd
              (7 damage)
             ... on level 3 of the Dungeon.
             The game lasted 00:06:22 (2224 turns).

monsoonserge the Grasshopper (Demonspawn Warper)    Turns: 2224, Time: 00:06:23

Health: -3/58      AC:  8    Str: 12    XL:     5   Next: 42%
Magic:  8/8        EV: 11    Int: 16    God:
Gold:   169        SH:  0    Dex: 18    Spells: 6/8 levels left

rFire   . . .        v - +0 long sword
rCold   . . .        (no shield)
rNeg    . . .        m - +0 ring mail
rPois   .            (helmet restricted)
rElec   .            (no cloak)
rCorr   .            o - +2 pair of gloves
SInv    .            (no boots)
Will    .....        (no amulet) Stlth
                     k - +6 ring of dexterity
HPRegen 0.29/turn    (no ring)
MPRegen 0.22/turn

%: no passive effects
@: berserking, very quick
A: antennae 2, magic regeneration
a: no special abilities


You were on level 3 of the Dungeon.
You visited 1 branch of the dungeon, and saw 3 of its levels.

You collected 169 gold pieces.

Inventory:

Hand Weapons
 h - a +0 sling
 v - a +0 long sword (weapon)
Missiles
 d - 7 boomerangs of dispersal (quivered)
 u - 5 atropa-tipped darts
Armour
 b - a +0 leather armour
 m - a +0 ring mail (worn)
 o - a +2 pair of gloves (worn)
Jewellery
 k - a +6 ring of dexterity (left hand)
Scrolls
 c - a scroll of blinking
 g - a scroll of magic mapping {unknown}
 i - a scroll of enchant weapon {unknown}
 n - a scroll of brand weapon {unknown}
 p - a scroll of teleportation {unknown}
 s - 2 scrolls of identify {unknown}
 t - a scroll of enchant armour {unknown}
Potions
 j - a potion of curing
 l - a potion of cancellation {unknown}
 r - a potion of degeneration {unknown}


   Skills:
 + Level 2.5 Fighting
 + Level 2.6 Long Blades
 + Level 0.8 Throwing
 * Level 2.7 Armour
 + Level 2.3 Dodging
 - Level 2.0 Spellcasting
 + Level 3.8 Translocations


You had 6 spell levels left.
You knew the following spells:

 Your Spells              Type           Power      Damage    Failure   Level
a - Blink                 Tloc           26%        N/A       14%         2

Your spell library contained the following spells:

 Spells                   Type           Power      Damage    Failure   Level
 Lesser Beckoning         Tloc           26%        N/A       14%         2
 Teleport Other           Tloc           13%        N/A       28%         3
 Vhi's Electric Charge    Tloc/Air       14%        N/A       52%         3
 Manifold Assault         Tloc           13%        N/A       67%         4


Dungeon Overview and Level Annotations

Branches:
Dungeon (3/15)

Altars:

Shops:
D:3 [


Innate Abilities, Weirdness & Mutations

You have a pair of antennae on your head.
You regenerate magic rapidly.


Message History

You slash the gnoll!
You kill the gnoll!
You hit the gnoll.
The gnoll is severely wounded.
The gnoll hits you with a +0 club.
The gnoll hits you from afar with a +0 halberd.
You slash the gnoll!
You kill the gnoll!
The gnoll hits you but does no damage.
The gnoll hits you from afar with a +0 halberd.
The gnoll hits you with a +0 whip.
You hit the gnoll.
The gnoll is heavily wounded.
The gnoll hits you from afar with a +0 halberd!
* * * LOW HITPOINT WARNING * * *
The gnoll hits you with a +0 whip.
* * * LOW HITPOINT WARNING * * *
Unknown command.
It was a potion of curing.
You feel better. The gnoll hits you but does no damage.
The gnoll closely misses you.
It was a potion of magic.
Magic courses through your body. The gnoll barely misses you.
The gnoll closely misses you.
It was a potion of berserk rage.
A red film seems to cover your vision as you go berserk!
You feel yourself moving faster!
You feel mighty!
The gnoll hits you from afar with a +0 halberd!
* * * LOW HITPOINT WARNING * * *
The gnoll hits you with a +0 whip.
* * * LOW HITPOINT WARNING * * *
You barely miss the gnoll.
The gnoll is heavily wounded.
The gnoll hits you from afar with a +0 halberd.
* * * LOW HITPOINT WARNING * * *
The gnoll barely misses you.
You slash the gnoll!
You kill the gnoll!
The gnoll closely misses you.
Items here: ))) †.
You barely miss the gnoll. The gnoll hits you with a +0 halberd!
You die...

##{........g...#
# ............#
#.#......g(.# .
#.....##{.#
###.....g.#
######g##
###.####
#....g.#
#.#.##@#
#.#.##.# .
..##.# ##.####.#
#. #.# # ..# ###


You could see a gnoll.

Vanquished Creatures
  A scorpion (D:3)
  3 gnolls (D:3)
  5 adders
  A dart slug (D:2)
  3 endoplasms
  4 giant cockroaches
  9 goblins
  2 hobgoblins
  5 jackals
  5 kobolds
  A quokka (D:2)
  5 ball pythons
  7 bats
  6 frilled lizards
  4 rats
61 creatures vanquished.

Notes
Turn   | Place    | Note
-------+----------+-------------------------------------------
     0 | D:1      | monsoonserge the Demonspawn Warper began the quest for the
                  | Orb.
     0 | D:1      | Reached XP level 1. HP: 16/16 MP: 3/3
   288 | D:1      | Reached skill level 3 in Translocations
   385 | D:1      | Gained mutation: You have a pair of small antennae on your
                  | head. [demonic ancestry]
   385 | D:1      | Reached XP level 2. HP: 17/22 MP: 5/5
   463 | D:1      | Learned a level 2 spell: Blink
   850 | D:1      | Reached skill level 1 in Armour
   950 | D:2      | Found a faded altar of an unknown god.
   976 | D:2      | Gained mutation: You regenerate magic rapidly. [demonic
                  | ancestry]
   976 | D:2      | Reached XP level 3. HP: 27/27 MP: 6/6
  1441 | D:3      | Gained mutation: You have a pair of antennae on your head.
                  | [demonic ancestry]
  1441 | D:3      | Reached XP level 4. HP: 33/33 MP: 7/7
  1632 | D:3      | Found Zuat's Antique Armour Shop.
  1671 | D:3      | Noticed a scorpion
  1688 | D:3      | Killed a scorpion
  1689 | D:3      | Reached XP level 5. HP: 5/39 MP: 8/8
  2224 | D:3      | Slain by a gnoll

Illustrated notes

Levels and vault maps discovered:
D:1:      heliophobic_arrival_dark_side_of_the_moon, layout_loops_ring,
          glass_columns_b, moated_statue, chequers_big_river
D:2:      layout_rooms, ebering_ecumenical_altar_abandoned
D:3:      layout_loops_cross, serial_shops, nicolae_shop_trees, kennysheep_donut

Skill      XL: |  1  2  3  4 |
---------------+-------------+-----
Dodging        | 2 |  2.3
Translocations | 3 |  3.8
Armour         | 1 2 |  2.7
Long Blades    | 2 |  2.6
Fighting       | |  2.5
Throwing       | |  0.8
Spellcasting   | |  2.0

Action                     |  1- 3 |  4- 6 || total
---------------------------+-------+-------++-------
  Melee: Falchion          |   171 |    55 ||   226
         Punch             |     2 |       ||     2
         Long sword        |       |    14 ||    14
   Cast: Blink             |       |     1 ||     1
    Use: Potion            |       |     3 ||     3
 Armour: Leather armour    |    35 |       ||    35
         Ring mail         |    90 |    39 ||   129
  Dodge: Dodged            |   156 |    52 ||   208
